 Dungeon Crawl Stone Soup version 0.28-a0-1520-gc3277d3759 (webtiles) character file.

Game seed: 10995681777398428032

51 kae the Insei (level 3, 0/26 HPs)
             Began as a Demonspawn Transmuter on Jan 17, 2022.
             Succumbed to an adder's poison
             ... on level 2 of the Dungeon.
             The game lasted 00:01:11 (1316 turns).

kae the Insei (Demonspawn Transmuter)               Turns: 1316, Time: 00:01:12

Health: 0/26       AC:  3    Str: 10    XL:     3   Next: 58%
Magic:  6/6        EV: 12    Int: 16    God:
Gold:   78         SH:  0    Dex: 13    Spells: 2/6 levels left

rFire   . . .      SeeInvis .     - Unarmed
rCold   . . .      Faith    .   (no shield)
rNeg    . . .      Spirit   .   a - +0 robe
rPois   .          Reflect  .   (helmet currently unavailable)
rElec   .          Harm     .   (no cloak)
rCorr   .          Rampage  .   f - +0 pair of gloves
Will    .....                   (boots currently unavailable)
Stlth   +.........              (no amulet)
HPRegen 0.08/turn               (no ring)
MPRegen 0.10/turn               (no ring)

@: mighty, lethally poisoned (0 -> -1), appendages (expiring), attractive
A: horns 2, talons 2, demonic guardian 1
a: End Transformation


You were on level 2 of the Dungeon.
You had temporarily grown beastly horns and talons.
You visited 1 branch of the dungeon, and saw 2 of its levels.

You collected 78 gold pieces.

Inventory:

Armour
 a - a +0 robe (worn)
 f - a +0 pair of gloves (worn)
Scrolls
 b - a scroll of enchant weapon {unknown}
 g - a scroll of magic mapping {unknown}


   Skills:
 + Level 1.5 Fighting
 + Level 2.0 Dodging
 * Level 3.2 Unarmed Combat
 + Level 2.2 Spellcasting
 * Level 2.3 Transmutations
 * Level 0.3 Poison Magic


You had 2 spell levels left.
You knew the following spells:

 Your Spells              Type           Power      Damage    Failure   Level
a - Beastly Appendage     Tmut           18%        N/A       8%          1
b - Spider Form           Tmut/Pois      6%         N/A       34%         3

Your spell library contained the following spells:

 Spells                   Type           Power      Damage    Failure   Level
 Wereblood                Tmut           9%         N/A       12%         2
 Ice Form                 Ice/Tmut       5%         N/A       77%         4


Dungeon Overview and Level Annotations

Branches:
Dungeon (2/15)

Altars:


Innate Abilities, Weirdness & Mutations

You have temporarily grown beastly horns and talons.
A weak demonic guardian rushes to your aid.


Message History

You are lethally poisoned!
The adder poisons you!
Unknown command.
Unknown command.
Unknown command.
It was a potion of curing.
You feel better.
Your transformation is almost over.
Your quasit closely misses the adder. x2
Your quasit claws the adder but does no damage.
The kobold hits you with a +0 short sword.
The adder misses your quasit.
Your ufetubus hits the adder. x2
You closely miss the adder.
The adder is severely wounded.
Your quasit bites the adder.
Your quasit closely misses the adder.
Your quasit claws the adder but does no damage.
Your ufetubus misses the adder.
Your ufetubus barely misses the adder.
The adder bites you.
* * * LOW HITPOINT WARNING * * *
You are poisoned.
The adder poisons you!
The kobold hits you with a +0 short sword.
* * * LOW HITPOINT WARNING * * *
Your quasit barely misses the adder.
Your quasit claws the adder.
The adder dies!
* * * LOW HITPOINT WARNING * * *
You feel sick. The kobold misses you.
Your quasit bites the kobold.
Your quasit closely misses the kobold.
Your quasit barely misses the kobold.
You see here an adder corpse.
Found a golden potion.
* * * LOW HITPOINT WARNING * * *
You feel sick.
A bat comes into view.
Your quasit bites the kobold.
The kobold dies!
The bat is attracted toward you.
* * * LOW HITPOINT WARNING * * *
You feel sick.
Your quasit bites the bat.
Your quasit closely misses the bat.
Your quasit claws the bat.
The bat dies!
You die...

.#...............
..................
.........(.....!..
#......?....(....
#...............
#...............
##...............
#....†)5.........
#......5.@.......#
#......?...........
#.................#
#.................
...................#
####.............#.#
##...........##.#
####........##.#
#........#..#


You could see a friendly quasit (summoned) and a friendly ufetubus (summoned).

Vanquished Creatures
  An adder (D:2)
  2 dart slugs (D:1)
  2 ball pythons (D:1)
  A bat (D:1)
  3 endoplasms
  3 giant cockroaches (D:1)
  2 goblins (D:1)
  A hobgoblin (D:1)
  3 quokkas
  2 kobolds (D:1)
  4 rats (D:1)
24 creatures vanquished.

Vanquished Creatures (collateral kills)
  An adder (D:2)
  A bat (D:2)
  A frilled lizard (D:1)
  A kobold (D:2)
4 creatures vanquished.

Vanquished Creatures (others)
  4 toadstools (D:1)
4 creatures vanquished.

Grand Total: 32 creatures vanquished

Notes
Turn   | Place    | Note
-------+----------+-------------------------------------------
     0 | D:1      | kae the Demonspawn Transmuter began the quest for the Orb.
     0 | D:1      | Reached XP level 1. HP: 15/15 MP: 3/3
   123 | D:1      | Gained mutation: A weak demonic guardian rushes to your
                  | aid. [demonic ancestry]
   123 | D:1      | Reached XP level 2. HP: 12/21 MP: 3/5
   507 | D:1      | Reached skill level 3 in Unarmed Combat
  1219 | D:2      | Reached XP level 3. HP: 26/26 MP: 4/6
  1225 | D:2      | Learned a level 3 spell: Spider Form
  1310 | D:2      | HP: 1/26 [adder (2)]
  1315 | D:2      | HP: 1/26 [poisoned by an adder]
  1316 | D:2      | Succumbed to an adder's poison

Illustrated notes

Levels and vault maps discovered:
D:1:      ldierk_water_garden, layout_basic
D:2:      layout_rooms

Skill      XL: |  1  2 |
---------------+-------+-----
Transmutations | 2 |  2.3
Unarmed Combat | 3 |  3.2
Dodging        | 2 |  2.0
Fighting       | |  1.5
Spellcasting   | |  2.2
Poison Magic   | |  0.3

Action                   || total
-------------------------++-------
Melee: Unarmed           ||    70
       Headbutt          ||    12
       Kick              ||    11
 Cast: Beastly Appendage ||    18
  Use: Potion            ||     3
 Stab: Sleeping          ||     1
Armor: Robe              ||    16
Dodge: Dodged            ||    63

Table legend: (Time is in decaauts)
 A = Elapsed time spent in this place.
 B = Non-inter-level travel time spent in this place.
 C = Inter-level travel time spent in this place.
 D = Time resting spent in this place.
 E = Time spent auto-exploring this place.
 F = Levels seen in this place.
 G = Mean time per level.
                   A        B        C        D        E       F      G
               +--------+--------+--------+--------+--------+-----+--------+
         Total |   1317 |   1235 |     82 |      0 |   1025 |   2 |  658.5 |
       Dungeon |   1317 |   1235 |     82 |      0 |   1025 |   2 |  658.5 |
               +--------+--------+--------+--------+--------+-----+--------+

Top non-repeatable levels by time:
     D:1: 1213 daAuts
     D:2: 104 daAuts
